 Dungeon Crawl Stone Soup version 0.31-a0-66-ge618eeaa78 (webtiles) character file.

Game seed: 18396988008836806970

11862 Sobieck the Eclecticist (level 11, 0/68 HPs)
             Began as a Deep Elf Venom Mage on May 22, 2023.
             Was a Priest of Sif Muna.
             Succumbed to a black mamba's poison
             ... on level 11 of the Dungeon.
             The game lasted 00:27:47 (12484 turns).

Sobieck the Eclecticist (Deep Elf Venom Mage)      Turns: 12484, Time: 00:27:47

Health: 0/68       AC: 12    Str:  5    XL:     11   Next: 54%
Magic:  28/32      EV: 12    Int: 30    God:    Sif Muna [***...]
Gold:   367        SH:  0    Dex: 15    Spells: 31/41 levels left

rFire   . . .        Y - +5 dagger of the Bursting Rat {freeze, Int+5, short}
rCold   . . .        (no shield)
rNeg    . . .        e - +0 steam dragon scales
rPois   .            U - +2 hat {Will+}
rElec   .            A - +0 cloak {Will+}
rCorr   .            T - +2 pair of gloves
SInv    +            s - +0 pair of boots
Will    +++..        t - amulet of regeneration {@e2}
Stlth   +++          K - ring of wizardry
HPRegen 1.11/turn    D - ring of see invisible
MPRegen 0.23/turn

%: wizardry (x1)
@: lethally poisoned (0 -> -16)
A: no striking features
a: Renounce Religion, Channel Magic, Forget Spell


You were on level 11 of the Dungeon.
You worshipped Sif Muna.
Sif Muna was most pleased with you.
You visited 2 branches of the dungeon, and saw 13 of its levels.

You collected 706 gold pieces.
You spent 339 gold pieces at shops.

Inventory:

Hand Weapons
 Y - the +5 dagger of the Bursting Rat (weapon) {freeze, Int+5, short}
   (You found it on level 5 of the Dungeon)

   Int:       It affects your intelligence (+5).
Missiles
 i - 110 stones {throwing}
 l - 14 poisoned darts {throwing}
 p - 6 silver javelins {throwing}
 y - 7 boomerangs {throwing}
 L - a throwing net {=f!fthrowing}
Armour
 e - +0 steam dragon scales (worn)
 s - a +0 pair of boots (worn)
 x - a +1 hat
 A - a +0 cloak of willpower (worn)
 B - the +1 leather armour of the Cockroach {rCorr Dex-4 SInv}
   (You found it on level 3 of the Dungeon)

   Dex:       It affects your dexterity (-4).
   SInv:      It lets you see invisible.
   rCorr:     It protects you from acid and corrosion.
 I - a +0 leather armour
 M - a +0 scale mail
 O - a +0 ring mail
 P - a +0 ring mail
 S - a +0 leather armour
 T - a +2 pair of gloves (worn)
 U - a +2 hat of willpower (worn)
 V - a +0 leather armour
 W - a +0 chain mail
 X - a +0 chain mail
Magical Staves
 R - a staff of earth {!astaff}
Jewellery
 q - a +6 ring of strength
 t - an amulet of regeneration (around neck) {@e2}
 C - an amulet of faith {!P}
 D - a ring of see invisible (right hand)
 K - a ring of wizardry (left hand)
Wands
 d - a wand of flame (6)
 z - a wand of light (16)
Scrolls
 a - a scroll of poison {!r}
 g - 2 scrolls of fog
 j - 4 scrolls of immolation {!r!r}
 m - a scroll of teleportation {unknown}
 u - 2 scrolls of noise {!r}
 v - a scroll of blinking {!r}
 F - a scroll of brand weapon
 H - a scroll of fear
 J - a scroll of vulnerability {unknown}
 Q - a scroll of magic mapping {!r}
 Z - 3 scrolls of enchant armour
Potions
 b - a potion of magic
 c - 6 potions of degeneration {!q@e2}
 f - 2 potions of attraction {!q}
 h - 9 potions of curing {@q1}
 k - 2 potions of haste {@q3}
 n - 4 potions of mutation {!q}
 o - a potion of lignification {!q}
 r - a potion of might
 E - a potion of resistance
 G - a potion of invisibility
 N - 2 potions of cancellation


   Skills:
 - Level 8.0 Fighting
 - Level 2.4 Dodging
 - Level 6.0 Stealth
 + Level 15.5 Spellcasting
 - Level 5.0 Summonings
 - Level 1.1 Transmutations
 - Level 10.0 Poison Magic


You had 31 spell levels left.
You knew the following spells:

 Your Spells              Type           Power      Damage    Failure   Level
a - Olgreb's Toxic Radia  Pois           70%        N/A       1%          4
b - Poisonous Vapours     Pois/Air       82%        N/A       1%          2
c - Sting                 Tmut/Pois      100%       1d8       1%          1
d - Call Canine Familiar  Summ           52%        N/A       1%          3

Your spell library contained the following spells:

 Spells                   Type           Power      Damage    Failure   Level
 Beastly Appendage        Tmut           58%        N/A       1%          1
 Kiss of Death            Conj/Necr      44%        2d8       1%          1
 Call Imp                 Summ           100%       N/A       1%          2
 Wereblood                Tmut           29%        N/A       1%          2
 Mephitic Cloud           Conj/Pois/Air  27%        N/A       1%          3
 Spider Form              Tmut/Pois      44%        N/A       1%          3
 Confusing Touch          Hex            23%        N/A       2%          3
 Dazzling Flash           Conj/Hex       22%        N/A       5%          3
 Dispel Undead            Necr           23%        3d12      9%          4
 Manifold Assault         Tloc           23%        N/A       9%          4
 Agony                    Necr           23%        N/A       22%         5
 Eringya's Noxious Bog    Tmut/Pois      22%        N/A       26%         6
 Silence                  Hex/Air        5%         N/A       43%         5
 Dispersal                Tloc           11%        N/A       73%         6
 Disjunction              Tloc           11%        N/A       100%        8


Dungeon Overview and Level Annotations

Branches:
Dungeon (12/15) Zot: 26739  Temple (0/1) D:6            Lair (1/5) D:11 Zot: 5873
    Orc: D:9-12

Altars:
Cheibriados
Dithmenos
Elyvilon
Fedhas
Nemelex Xobeh
Okawaru
Qazlal
Sif Muna
Wu Jian
Xom
Yredelemnul
The Shining One

Shops:
D:5 ![   D:6 *((!!   D:7 *

Portals:
Abyss: D:9

Annotations:
D:9 2 transporters, Darkkill's ghost, novice MiHu


Message History

The bullfrog hits you but does no damage.
A black mamba comes into view.
The black mamba hisses angrily.
The bullfrog barely misses you. The bullfrog misses you.
The bullfrog closely misses you.
A black mamba comes into view.
You kill the bullfrog!
Sif Muna accepts your kill. The bullfrog hits you.
The bullfrog hits you but does no damage. x2
The black mamba bites you.
You are poisoned.
The black mamba poisons you!
The bullfrog hits you but does no damage.
Casting: Olgreb's Toxic Radiance (safe; 1% risk of failure)
Confirm with . or Enter, or press ? or * to list all spells.
You feel very sick. The black mamba bites you.
You are more poisoned.
The black mamba poisons you!
The bullfrog hits you but does no damage.
The black mamba bites you! The bullfrog attacks as you move away!
The bullfrog barely misses you.
You feel extremely sick.
Your wolf barely misses the black mamba.
The bullfrog completely misses you. The black mamba bites you.
The black mamba bites you!
* * * LOW HITPOINT WARNING * * *
You are lethally poisoned!
The black mamba poisons you!
There is a staircase back to the Dungeon here.
Unknown command.
* * * LOW HITPOINT WARNING * * *
You feel extremely sick.
Your wolf barely misses the black mamba.
The black mamba bites you but does no damage.
The black mamba bites you.
* * * LOW HITPOINT WARNING * * *
The bullfrog barely misses you.
Your wolf bites the black mamba!
You climb upwards.
Welcome back to the Dungeon!
* * * LOW HITPOINT WARNING * * *
You feel extremely sick.
There is a staircase to the Lair here.
Unknown command.
Unknown command.
Unknown command.
Unknown command.
As you read the scroll of summoning, it crumbles to dust.
Wisps of shadow whirl around you...
You die...

#.......#...#.#.......#...
#........P....#.......#...
##........P...........#...
#...P.P.P.....P......#...
#....P...............####
#...P...P.....)..........
###..P..P####P...[.........
#.....P..#SSO...P..........
#.....P..#@F#P.P...........
#.....P..####.P.PP###......
#......P.PPPPP.P....#......
#.....P.PP..P.P.....#......
#........P.P...P....#......
#....#......PP......#......
#....###P...........#.#####
#....# ###.##.......'.#....
#...## #..........#.#....


You could see 2 black mambas, a bullfrog (poisoned) and a friendly two-headed
ogre (summoned).

Vanquished Creatures
  2 two-headed ogres
  A deep elf pyromancer (D:12)
  Maurice (D:11)
  2 unseen horrors
  Maggie (D:8)
  Prince Ribbit (D:8)
  4 blink frogs (Lair:1)
  9 yaks (D:9)
  A wyvern (D:8)
  A steam dragon (D:9)
  A vampire mosquito (D:10)
  Edmund (D:6)
  A sky beast (D:7)
  3 black bears
  2 orc warriors
  2 ogres
  A centaur (D:10)
  A kobold brigand (D:7)
  8 bullfrogs
  4 scorpions
  A gnoll sergeant (D:7)
  12 killer bees
  11 howler monkeys
  A crimson imp (D:10)
  6 orc priests
  2 hounds
  7 orc wizards
  2 gnoll boudas
  4 iguanas
  4 adders
  8 gnolls
  A shadow imp (D:7)
  2 white imps
  A worm (D:3)
  35 orcs
  3 ball pythons
  2 bats
  5 endoplasms
  2 giant cockroaches
  5 goblins
  4 hobgoblins
  A quokka (D:2)
  A frilled lizard (D:2)
  12 kobolds
  4 rats (D:1)
183 creatures vanquished.

Vanquished Creatures (collateral kills)
  Gastronok (D:11)
  A two-headed ogre (D:10)
  A troll (D:11)
  A slime creature (D:12)
  A wraith (D:11)
  2 vampire mosquitoes (D:10)
  An orc warrior (D:11)
  7 wights
  3 crimson imps (D:10)
  A sleepcap (D:8)
19 creatures vanquished.

Grand Total: 202 creatures vanquished

Notes
Turn   | Place    | Note
-------+----------+-------------------------------------------
     0 | D:1      | Sobieck the Deep Elf Venom Mage began the quest for the
                  | Orb.
     0 | D:1      | Reached XP level 1. HP: 10/10 MP: 6/6
    79 | D:1      | You add the spells Call Imp, Call Canine Familiar and
                  | Eringya's Noxious Bog to your library.
    79 | D:1      | Got the Octavo of Shapeshifting and Sidekicks
   683 | D:2      | Reached XP level 2. HP: 15/15 MP: 5/8
  1569 | D:2      | Learned a level 2 spell: Poisonous Vapours
  1935 | D:3      | Reached XP level 3. HP: 17/19 MP: 3/9
  2021 | D:3      | HP: 3/19 [orc priest/divine providence (16)]
  2138 | D:2      | HP: 2/19 [orc priest/+1 falchion of holy wrath (7)]
  2140 | D:2      | Reached XP level 4. HP: 4/24 MP: 5/10
  2425 | D:3      | Found a shimmering blue altar of Sif Muna.
  2510 | D:3      | Reached skill level 6 in Poison Magic
  2594 | D:3      | Identified the +1 leather armour of the Cockroach {rCorr
                  | Dex-4 SInv}
  2596 | D:3      | Noticed an ogre
  2619 | D:3      | Killed an ogre
  2620 | D:3      | Reached XP level 5. HP: 15/28 MP: 9/11
  2716 | D:3      | Learned a level 4 spell: Olgreb's Toxic Radiance
  3020 | D:3      | Found a blossoming altar of Fedhas.
  3020 | D:3      | Found a white marble altar of Elyvilon.
  3231 | D:3      | Became a worshipper of Sif Muna the Loreminder
  3506 | D:4      | Found a snail-covered altar of Cheibriados.
  3572 | D:4      | HP: 7/28 [iguana (9)]
  3576 | D:4      | Reached XP level 6. HP: 9/32 MP: 4/12
  3789 | D:4      | Found an ornate altar of the Wu Jian Council.
  3790 | D:4      | Found a stormy altar of Qazlal.
  4119 | D:4      | Found a shadowy altar of Dithmenos.
  4259 | D:4      | Reached * piety under Sif Muna
  4639 | D:5      | Entered Level 5 of the Dungeon
  4683 | D:5      | Reached XP level 7. HP: 31/36 MP: 5/13
  4688 | D:5      | Reached skill level 9 in Poison Magic
  4995 | D:5      | Found Byucs's Armour Boutique.
  5254 | D:5      | Identified the +5 dagger of the Bursting Rat {freeze,
                  | Int+5}
  5312 | D:5      | Found a sparkling altar of Nemelex Xobeh.
  5481 | D:5      | Learned a level 3 spell: Call Canine Familiar
  5587 | D:5      | Found Duerycke's Distillery.
  5594 | D:5      | Bought a potion of curing for 30 gold pieces
  5594 | D:5      | Bought a potion of haste for 100 gold pieces
  5594 | D:5      | Bought a potion of might for 40 gold pieces
  5594 | D:5      | Bought a potion of heal wounds for 50 gold pieces
  5949 | D:6      | Found Voeguuto's Distillery.
  5955 | D:6      | Bought a potion of degeneration for 14 gold pieces
  5990 | D:6      | Reached skill level 3 in Stealth
  5990 | D:6      | Reached skill level 1 in Summonings
  6039 | D:6      | Found Fuysuyj's Weapon Emporium.
  6072 | D:6      | Found Zifav's Weapon Boutique.
  6120 | D:6      | Found Buempusm's Distillery.
  6132 | D:6      | Found a basalt altar of Yredelemnul.
  6142 | D:6      | Reached skill level 1 in Fighting
  6223 | D:6      | Reached XP level 8. HP: 43/43 MP: 8/15
  6269 | D:6      | Found a staircase to the Ecumenical Temple.
  6462 | D:6      | Noticed Edmund
  6484 | D:6      | Killed Edmund
  6485 | D:6      | Reached skill level 4 in Spellcasting
  6639 | D:6      | Found Cyomm's General Store.
  6642 | D:6      | Bought a potion of invisibility for 80 gold pieces
  7119 | D:7      | Reached skill level 3 in Summonings
  7148 | D:7      | Reached skill level 5 in Spellcasting
  7638 | D:7      | Found Heetzyle's Assorted Antiques.
  7646 | D:7      | Bought a scroll labelled RUNTUSH GELO for 25 gold pieces
  7808 | D:8      | Reached skill level 3 in Fighting
  7812 | D:8      | Reached skill level 6 in Spellcasting
  7812 | D:8      | Reached XP level 9. HP: 36/50 MP: 10/20
  7812 | D:8      | Reached ** piety under Sif Muna
  7812 | D:8      | Noticed Maggie
  7813 | D:8      | Reached skill level 6 in Stealth
  7815 | D:8      | Noticed Prince Ribbit
  7823 | D:8      | HP: 4/51 [Maggie/bolt of fire (27)]
  7827 | D:8      | Killed Maggie
  7828 | D:8      | Reached skill level 7 in Spellcasting
  7832 | D:8      | Killed Prince Ribbit
  8323 | D:8      | Found a glowing golden altar of the Shining One.
  8409 | D:8      | You pick up a book of Changes and begin reading...
  8409 | D:8      | You add the spells Beastly Appendage, Wereblood and Spider
                  | Form to your library.
  8438 | D:7      | Reached skill level 8 in Spellcasting
  8970 | D:9      | Noticed a two-headed ogre
  8999 | D:9      | Killed a two-headed ogre
  9000 | D:9      | Reached skill level 6 in Fighting
  9000 | D:9      | Reached skill level 9 in Spellcasting
  9000 | D:9      | Reached XP level 10. HP: 38/60 MP: 18/25
  9069 | D:9      | Noticed a salamander
  9073 | D:9      | Found a one-way gate to the infinite horrors of the Abyss.
  9073 | D:9      | Noticed Darkkill's ghost (novice MiHu)
  9075 | D:9      | Found a transporter.
  9639 | D:9      | Found a transporter.
 10029 | D:10     | Entered Level 10 of the Dungeon
 10156 | D:10     | Reached *** piety under Sif Muna
 10231 | D:10     | Noticed a two-headed ogre
 10235 | D:10     | HP: 16/64 [two-headed ogre/+0 giant club (5)]
 10236 | D:10     | Reached skill level 10 in Spellcasting
 10273 | D:10     | Killed a two-headed ogre
 10274 | D:10     | Reached skill level 11 in Spellcasting
 10350 | D:10     | You pick up a book of the Warp and begin reading...
 10350 | D:10     | You add the spells Manifold Assault, Dispersal and
                  | Disjunction to your library.
 10387 | D:10     | Found a shimmering altar of Xom.
 10429 | D:10     | HP: 16/64 [vampire mosquito (4)]
 10565 | D:10     | Found an iron altar of Okawaru.
 10589 | D:10     | Reached skill level 12 in Spellcasting
 10729 | D:10     | Noticed a two-headed ogre
 10741 | D:10     | Killed a two-headed ogre
 10742 | D:10     | Reached XP level 11. HP: 68/68 MP: 26/29
 11152 | D:11     | Found an ornate altar of the Wu Jian Council.
 11248 | D:11     | Reached skill level 13 in Spellcasting
 11332 | D:11     | Noticed Gastronok
 11364 | D:11     | Killed Gastronok
 11365 | D:11     | Reached skill level 14 in Spellcasting
 11700 | D:11     | You pick up a book of the Senses and begin reading...
 11700 | D:11     | You add the spells Dazzling Flash, Agony and Silence to
                  | your library.
 11700 | D:11     | Noticed Maurice
 11720 | D:11     | Killed Maurice
 11809 | D:11     | Found a staircase to the Lair.
 11902 | D:11     | You pick up a book of Touch and begin reading...
 11902 | D:11     | You add the spells Kiss of Death, Confusing Touch and
                  | Dispel Undead to your library.
 12153 | D:12     | Noticed a deep elf pyromancer
 12180 | D:12     | Killed a deep elf pyromancer
 12356 | Lair:1   | Entered Level 1 of the Lair of Beasts
 12398 | Lair:1   | Reached skill level 15 in Spellcasting
 12482 | Lair:1   | HP: 15/68 [black mamba (3)]
 12483 | D:11     | HP: 5/68 [poisoned by a black mamba]
 12484 | D:11     | Succumbed to a black mamba's poison

Illustrated notes

Levels and vault maps discovered:
D:1:      beargit_arrival_diablo_church, layout_basic
D:2:      layout_loops_corners, dk_noncrumbling_2
D:3:      layout_loops_ring, nicolae_overflow_hidden_temple
D:4:      layout_loops_ring, mainiacjoe_overflow_boulevard,
          mainiacjoe_overflow_chevrons, nicolae_overflow_squiral
D:5:      layout_loops_corners, mainiacjoe_overflow_alcove_2, serial_shops,
          nicolae_diamond_shop, nicolae_take_the_stairs, chequers_garden,
          minmay_diced_spiral
D:6:      layout_rooms, mainiacjoe_overflow_alcove_1, minmay_temple_entry_wispy,
          serial_shops, shop, nicolae_shop_bloodbath_and_beyond,
          nicolae_shop_real_fake_doors, shop, shop, uniq_edmund
D:7:      layout_basic, kennysheep_windowed_goal
D:8:      layout_cave_pools, mainiacjoe_overflow_surrounded_room,
          chequers_serial_rivers_micro_b, uniq_maggie, uniq_prince_ribbit1
D:9:      layout_roguey, gammafunk_ghost_abyssal_escape,
          hangedman_decor_diamond_cutter
D:10:     layout_loops_cross, mainiacjoe_overflow_concentric_impassable,
          led_xom_imps
D:11:     layout_irregular_city, grunt_lair_entry_orc_guard_hut,
          pdpol_wu_jian_five_deadly_venoms, uniq_gastronok, uniq_maurice
D:12:     nicolae_cairo_tiling_very_big, layout_stronghold, david_orc_5,
          cheibrodos_worm_habitat
Lair:1:   layout_cellular_growth, chequers_serial_rivers_room_a,
          serial_bayou_crossing

Skill      XL: |  1  2  3  4  5  6  7  8  9 10 11 |
---------------+----------------------------------+-----
Poison Magic   | 4 5 7 8 10 | 10.0
Stealth        | 3 5 6 |  6.0
Summonings     | 1 4 5 |  5.0
Fighting       | 1 3 6 8 |  8.0
Spellcasting   | 6 9 12 15 | 15.5
Dodging        | |  2.4
Transmutations | |  1.1

Action                     |  1- 3 |  4- 6 |  7- 9 | 10-12 || total
---------------------------+-------+-------+-------+-------++-------
  Melee: Dagger            |       |     7 |    35 |    50 ||    92
         Punch             |       |       |     1 |       ||     1
   Cast: Sting             |    64 |    61 |    42 |     6 ||   173
         Poisonous Vapours |       |    14 |    15 |    19 ||    48
         Olgreb's Toxic Ra |       |     7 |    28 |    40 ||    75
         Call Canine Famil |       |       |    13 |    25 ||    38
    Use: Scroll            |       |       |    12 |     5 ||    17
         Potion            |       |       |     3 |       ||     3
   Stab: Sleeping          |       |       |     1 |       ||     1
 Armour: Robe              |     3 |    14 |    13 |       ||    30
         Steam dragon scal |       |       |     3 |    52 ||    55
  Dodge: Dodged            |    17 |    23 |    64 |    83 ||   187

Table legend: (Time is in decaauts)
 A = Elapsed time spent in this place.
 B = Non-inter-level travel time spent in this place.
 C = Inter-level travel time spent in this place.
 D = Time resting spent in this place.
 E = Time spent auto-exploring this place.
 F = Levels seen in this place.
 G = Mean time per level.
                   A        B        C        D        E       F      G
               +--------+--------+--------+--------+--------+-----+--------+
         Total |  12501 |  12120 |    381 |   1061 |   8902 |  13 |  961.6 |
       Dungeon |  12374 |  11994 |    380 |   1061 |   8817 |  12 | 1031.2 |
          Lair |    126 |    126 |      0 |      0 |     85 |   1 |  126.0 |
               +--------+--------+--------+--------+--------+-----+--------+

Top non-repeatable levels by time:
     D:4: 1493 daAuts
     D:2: 1441 daAuts
     D:7: 1254 daAuts
     D:5: 1242 daAuts
     D:9: 1153 daAuts
     D:3: 1108 daAuts
    D:10: 1098 daAuts
    D:11: 993 daAuts
     D:8: 893 daAuts
     D:6: 771 daAuts
     D:1: 678 daAuts
    D:12: 243 daAuts
  Lair:1: 126 daAuts
